AoeStats
← SobbingFoil424

Arena

510141142Analyzed
1v1 RM · 3d ago on Sep 29, 2026· 63m 1s· 2 players
Game mode
Random Map
Map size
Tiny (2 player)
Population
200
Speed
Normal
Resources
Standard
Victory
Conquest
Starting age
Dark Age
Ending age
Imperial Age
RankedLock teamsTeams togetherTeam positionsShared explorationLock speedFull tech treeHidden civsTurbo modeCheats
Victory
Defeat
🇹🇼 Lithuanians · Taiwan
1058
+17
🇯🇵 Bulgarians · Japan
1085
-17
SobbingFoil424
10:38 Feudal Age
11:14 Double-Bit Axe
11:10 Horse Collar
16:02 Castle Age
13:44 Horse Collar
16:04 Gold Mining
16:39 Loom
20:39 Wheelbarrow
19:49 Town Watch
22:49 Treadmill Crane
23:20 Fortified Wall
24:34 Stone Mining
24:55 Fletching
25:47 Bodkin Arrow
26:36 Stone Shaft Mining
31:15 Imperial Age
29:26 Heavy Plow
29:59 Bow Saw
30:28 Scale Barding Armor
31:10 Hand Cart
31:44 Chain Barding Armor
31:35 Forging
33:20 Chemistry
33:43 Forging
33:56 Bloodlines
33:53 Onager
35:27 Ballistics
35:17 Masonry
36:06 Crop Rotation
36:39 Two-Man Saw
35:52 Forging
37:41 Conscription
37:23 Tower Shields
38:03 Iron Casting
38:04 Plate Barding Armor
37:47 Husbandry
37:08 Light Cavalry
39:06 Town Patrol
39:10 Bracer
39:17 Winged Hussar
40:31 Padded Archer Armor
44:17 Leather Archer Armor
44:31 Thumb Ring
43:47 Elite Skirmisher
45:29 Ring Archer Armor
46:56 Hoardings
KJI
9:38 Feudal Age
11:39 Loom
14:01 Castle Age
13:57 Loom
13:58 Double-Bit Axe
18:39 Horse Collar
24:25 Fletching
26:26 Bow Saw
26:33 Bodkin Arrow
26:48 Gold Mining
27:08 Heavy Plow
28:17 Wheelbarrow
28:05 Forging
28:59 Bodkin Arrow
32:24 Imperial Age
31:23 Iron Casting
30:48 Scale Mail Armor
31:53 Squires
31:39 Gambesons
32:05 Pikeman
33:29 Gold Shaft Mining
36:02 Blast Furnace
35:18 Chain Mail Armor
36:18 Conscription
37:08 Crop Rotation
37:23 Bagains
38:51 Plate Mail Armor
38:22 Bracer
37:57 Capped Ram
38:54 Halberdier
48:13 Chemistry
47:24 Arson
47:08 Siege Ram
48:30 Stirrups
47:56 Elite Konnik
55:05 Murder Holes
55:25 Masonry
55:06 Guard Tower
Connection lost

Rejoining the realm…

Still unreachable

The connection could not be restored.

Session expired

The server has moved on; the page needs a fresh start.